 Dungeon Crawl Stone Soup version 0.20-a0-709-gd40821f (webtiles) character file.

134 nono the Sneak (level 5, 0/30 HPs)
             Began as a Kobold Assassin on Feb 21, 2017.
             Killed by divine providence
             ... invoked by an orc priest
              (12 damage)
             ... on level 3 of the Dungeon.
             The game lasted 00:07:08 (1900 turns).

nono the Sneak (Kobold Assassin)                    Turns: 1900, Time: 00:07:08

Health: 0/30       AC:  8    Str: 10    XL:     5   Next: 40%
Magic:  5/5        EV: 13    Int: 13    God:
Gold:   107        SH:  4    Dex: 17    Spells: 4/4 levels left

rFire    . . .     SeeInvis .   z - +0 dagger (drain)
rCold    . . .     Gourm    .   C - +0 ring mail
rNeg     . . .     Faith    .   u - +0 buckler
rPois    .         Spirit   .   o - +1 hat
rElec    .         Reflect  .   d - +0 cloak
rCorr    .         Harm     .   B - +0 pair of gloves
MR       .....                  (no boots)
Stlth    +++.......             (no amulet)
Regen    0.1/turn               w - ring of stealth
MPRegen  0.1/turn               k - +2 ring of strength

@: heavily drained
A: carnivore 3
a: no special abilities


You were on level 3 of the Dungeon.
You were very full.

You visited 1 branch of the dungeon, and saw 3 of its levels.

You collected 107 gold pieces.

Inventory:

Hand Weapons
 a - a +2 dagger
 b - a +0 blowgun
 q - a +0 whip
 z - a +0 dagger of draining (weapon)
Missiles
 x - 8 poisoned needles
 y - 2 curare-tipped needles
 A - a throwing net (quivered)
Armour
 c - a +0 robe
 d - a +0 cloak (worn)
 f - a +1 chain mail of fire resistance
 o - a +1 hat (worn)
 u - a +0 buckler (worn)
 B - a +0 pair of gloves (worn)
 C - a +0 ring mail (worn)
Jewellery
 k - a +2 ring of strength (left hand)
 w - a ring of stealth (right hand)
Wands
 e - a wand of digging (11/24)
Scrolls
 i - 2 scrolls of enchant armour {unknown}
 j - 3 scrolls of remove curse
 p - 2 scrolls of magic mapping {unknown}
 r - a scroll of teleportation {unknown}
 s - 2 scrolls of identify {unknown}
 v - a scroll of random uselessness {unknown}
 D - 2 scrolls of fear {unknown}
Potions
 h - 3 potions of brilliance {unknown}
 m - 3 potions of heal wounds {unknown}
 n - 2 potions of curing {unknown}
 t - a potion of flight {unknown}
Comestibles
 g - 2 meat rations
 l - 2 royal jellies


   Skills:
 - Level 2.1(0.6) Fighting
 - Level 2.6(1.1) Short Blades
 - Level 2.1(0.6) Throwing
 + Level 0.4(0.0) Armour
 + Level 5.0(3.4) Dodging
 - Level 5.3(3.6) Stealth
 + Level 1.4(0.0) Shields


You had 4 spell levels left.
You didn't know any spells.

Dungeon Overview and Level Annotations

Branches:
Dungeon (3/15)

Altars:
Ashenzari
Fedhas
Gozag
Hepliaklqana
Ru
Vehumet
Xom


Innate Abilities, Weirdness & Mutations

You are small and have problems with some larger weapons.
You are carnivorous and can eat meat at any time.


Message History

The orc misses you. The orc priest misses you.
You see here a mace.
You closely miss the orc priest. You block the orc's attack.
The orc barely misses you. The orc misses you.
You closely miss the orc priest.
The orc priest hits you with a hand axe.
The orc barely misses you. x2; The orc hits you but does no damage. x2
You hit the orc priest but do no damage.
The orc priest invokes the aid of Beogh against you.
Pain shoots through your body! The orc misses you.
The orc hits you but does no damage. x2
You completely miss the orc priest. The orc hits you but does no damage.
You block the orc priest's attack. The orc hits you but does no damage.
The orc hits you with a trident. The orc misses you. The orc barely misses you.
The orc closely misses you.
There is a stone staircase leading up here.
The orc priest invokes the aid of Beogh against you.
Beogh smites you!
You die...

#............................
#........#####...............
#........# #...............
#........#####...............
####........#................
#........#......#.........
#....)./.......#..#.#..#..
#......o....#..........#..
#.....)oo@.....##.#.#..#..
#.....oo...##..##.........
#..........#..........#...
#................####..#..
#............###. ...#.###
####.........# #.###......
#.........# ##.....
#.......#.# ###.#.
##......#.# #.#.


You could see an orc priest and 4 orcs.

Vanquished Creatures
  Terence (D:2)
  Robin (D:3)
  3 gnolls (D:2)
  An adder (D:3)
  2 dart slugs
  4 leopard geckos
  An orc (D:3)
  A giant cockroach (D:2)
  15 goblins
  7 hobgoblins
  2 jackals (D:1)
  A quokka (D:2)
  4 bats
  A frilled lizard (D:2)
  3 kobolds
  3 rats
50 creatures vanquished.

Notes
Turn   | Place    | Note
-------+----------+-------------------------------------------
     0 | D:1      | nono the Kobold Assassin began the quest for the Orb.
     0 | D:1      | Reached XP level 1. HP: 12/12 MP: 1/1
    99 | D:1      | Reached XP level 2. HP: 15/17 MP: 2/2
   152 | D:1      | Found a shattered altar of Ashenzari.
   407 | D:1      | Reached XP level 3. HP: 15/21 MP: 3/3
   551 | D:2      | Reached XP level 4. HP: 23/26 MP: 4/4
   842 | D:2      | Noticed Terence
   872 | D:2      | Killed Terence
  1505 | D:3      | Found a radiant altar of Vehumet.
  1506 | D:3      | Found a sacrificial altar of Ru.
  1506 | D:3      | Found an opulent altar of Gozag.
  1508 | D:3      | Found a shattered altar of Ashenzari.
  1533 | D:3      | Reached skill level 1 in Shields
  1533 | D:3      | Reached XP level 5. HP: 30/30 MP: 5/5
  1555 | D:3      | Reached skill level 5 in Dodging
  1580 | D:3      | Found a hazy altar of Hepliaklqana.
  1586 | D:3      | Found a shimmering altar of Xom.
  1586 | D:3      | Noticed a boggart
  1587 | D:3      | Noticed a boggart
  1587 | D:3      | Noticed a spectral ugly thing
  1617 | D:3      | Noticed Robin
  1781 | D:3      | Killed Robin
  1855 | D:3      | Found a blossoming altar of Fedhas.
  1900 | D:3      | Killed from afar by an orc priest

Vault maps used:
D:1:      minmay_arrival_arboretum_small, ashenzari_altar_1
D:2:      uniq_terence
D:3:      regret_index_temple_of_mockery, nicolae_overflow_hidden_temple,
          chequers_temple_overflow_statue_of_worship, glass_columns_a,
          uniq_robin

Skill      XL: |  1  2  3  4  5 |
---------------+----------------+-----
Dodging        | 2 3 4 5 |  5.0
Shields        | 1 |  1.4
Fighting       | |  2.1
Short Blades   | |  2.6
Throwing       | |  2.1
Armour         | |  0.4
Stealth        | |  5.3

Action                   |  1- 3 |  4- 6 || total
-------------------------+-------+-------++-------
Melee: Dagger            |    72 |   106 ||   178
 Fire: Blowgun           |       |    10 ||    10
  Use: Scroll            |     1 |       ||     1
 Stab: Sleeping          |     6 |     6 ||    12
  Eat: Chunk             |     6 |     5 ||    11
Armor: Robe              |    19 |       ||    19
       Chain mail        |       |     7 ||     7
       Ring mail         |       |    39 ||    39
Dodge: Dodged            |    76 |    74 ||   150
Block: Buckler           |       |    30 ||    30
